 Dungeon Crawl Stone Soup version bcrawl-1.12-8-g964540c432 (webtiles) character file.

Game seed: 17207966874346666229

222 Aggronaut the Twirler (level 5, -2/41 HPs)
             Began as a Demigod Gladiator on June 7, 2019.
             Slain by a sky beast (6 damage)
             ... on level 4 of the Dungeon.
             The game lasted 00:06:21 (2749 turns).

Aggronaut the Twirler (Demigod Gladiator)           Turns: 2749, Time: 00:06:21

Health: -2/41      AC:  8    Str: 25    XL:     5   Next: 66%
Magic:  11/11      EV: 11    Int: 12    God:    Demigod [*.....]
Gold:   246        SH:  0    Dex: 18    Spells: 4/4 levels left

rFire    . . .     SeeInvis .   a - +1 quarterstaff
rCold    . . .     Gourm    .   (shield currently unavailable)
rNeg     . . .     Faith    .   n - +0 scale mail
rPois    .         Spirit   .   c - +0 helmet
rElec    .         Reflect  .   (no cloak)
rCorr    .         Harm     .   o - +0 pair of gloves
MR       +....                  (no boots)
Stlth    ..........             (no amulet)
HPRegen  0.13/turn              s - ring of protection from magic
MPRegen  0.12/turn              (no ring)

@: mighty
A: high mp 1
a: Temporal Distortion


You were on level 4 of the Dungeon.
You worshipped Demigod.
Demigod was aware of your devotion.
You were not hungry.

You visited 1 branch of the dungeon, and saw 4 of its levels.

You collected 246 gold pieces.

Inventory:

Hand Weapons
 a - a +1 quarterstaff (weapon)
Missiles
 d - 3 throwing nets (quivered) {!f}
 r - 44 curare-tipped needles {!f}
Armour
 c - a +0 helmet (worn)
 n - a +0 scale mail (worn)
 o - a +0 pair of gloves (worn)
Jewellery
 b - an uncursed amulet of the acrobat {unknown}
 s - a ring of protection from magic (left hand)
Scrolls
 e - a scroll of magic mapping {unknown}
 g - 2 scrolls of identify {unknown}
 i - a scroll of amnesia
 k - a scroll of remove curse
 l - 2 scrolls of enchant weapon
 t - a scroll of fear
 u - 2 scrolls of immolation
 v - a scroll of noise {unknown}
Potions
 j - a potion of agility {unknown}
 m - 2 potions of might
 p - a potion of resistance {unknown}
 q - a potion of heal wounds {unknown}
Comestibles
 f - 6 rations {!d}
 h - a chunk of flesh


   Skills:
 - Level 1.7 Fighting
 + Level 4.7 Staves
 - Level 1.7 Throwing
 - Level 2.6 Dodging
 * Level 4.7 Invocations


You had 4 spell levels left.
You didn't know any spells.
Your spell library contained the following spells:

 Spells                   Type           Power        Failure   Level  Hunger
 Confuse                  Hex            #.......     94%         3    ####...
 Dazzling Spray           Conj/Hex       #.....       94%         3    ####...
 Petrify                  Tmut/Erth      #.......     100%        4    #####..
 Yara's Violent Unravell  Hex/Tmut       #.........   100%        4    #####..
 Metabolic Englaciation   Hex/Ice        #.........   100%        5    ######.


Dungeon Overview and Level Annotations

Branches:
Dungeon (4/12)
 Temple: D:4-7


Innate Abilities, Weirdness & Mutations

You have an increased reservoir of magic. (+10% MP)


Message History

The sky beast is moderately wounded.
The sky beast closely misses you.
You miss the sky beast.
The sky beast is moderately wounded.
The sky beast flickers out of sight!
Deactivating autopickup; reactivate with Ctrl-A.
Something hits you. Something shocks you.
Something hits you but does no damage.
You hit something. Something hits you.
* * * LOW HITPOINT WARNING * * *
Something shocks you.
* * * LOW HITPOINT WARNING * * *
You sock something! Something hits you but does no damage.
It was a potion of might.
You feel very mighty all of a sudden. Something hits you.
* * * LOW HITPOINT WARNING * * *
Something shocks you.
You die...
Your divinity fades.

.. # .. #.#. #...
#.#. #... #... #...
... #..# #
###.####### #..# .
#...a{@...# #..# .
#.#.#####.# #..###.
#. #.# #.....# #. #.#
#.....# #. #.#
#.##..# .. #.#
#.##..# ....###.####
#.##..# ..........)#
#.##.<#
....###.##.####.##..#


You could see a worker ant.

Vanquished Creatures
  A scorpion (D:4)
  2 crimson imps (D:4)
  A hound (D:4)
  An adder (D:4)
  An ooze (D:1)
  2 worms
  3 dart slugs
  5 leopard geckos
  An orc (D:3)
  A ball python (D:2)
  3 giant cockroaches (D:1)
  5 goblins
  5 hobgoblins
  2 jackals (D:1)
  4 kobolds
  2 bats
  4 frilled lizards
  7 rats
50 creatures vanquished.

Notes
Turn   | Place    | Note
-------+----------+-------------------------------------------
     0 | D:1      | Aggronaut the Demigod Gladiator began the quest for the
                  | Orb.
     0 | D:1      | Reached XP level 1. HP: 17/17 MP: 3/3
   218 | D:1      | Reached XP level 2. HP: 19/24 MP: 4/4
   870 | D:1      | Reached XP level 3. HP: 23/29 MP: 5/5
  1397 | D:2      | Reached * piety under Demigod
  1736 | D:2      | Reached skill level 1 in Invocations
  1879 | D:3      | Found a shimmering altar of Xom.
  1892 | D:3      | Found a shimmering altar of Xom.
  1894 | D:3      | Found a shimmering altar of Xom.
  1894 | D:3      | Found a shimmering altar of Xom.
  1896 | D:3      | Found a shimmering altar of Xom.
  1896 | D:3      | Found a shimmering altar of Xom.
  1896 | D:3      | Found a shimmering altar of Xom.
  2487 | D:4      | Reached XP level 4. HP: 24/36 MP: 6/8
  2667 | D:4      | Reached XP level 5. HP: 32/41 MP: 8/10
  2736 | D:4      | Noticed a sky beast
  2749 | D:4      | Slain by a sky beast

Skill      XL: |  1  2  3  4  5 |
---------------+----------------+-----
Staves         | 3 4 |  4.7
Invocations    | 2 3 4 |  4.7
Fighting       | |  1.7
Throwing       | |  1.7
Dodging        | |  2.6

Action                   |  1- 3 |  4- 6 || total
-------------------------+-------+-------++-------
Melee: Quarterstaff      |   111 |    51 ||   162
  Use: Scroll            |     5 |       ||     5
       Potion            |       |     1 ||     1
 Stab: Sleeping          |     4 |       ||     4
  Eat: Chunk             |     5 |     1 ||     6
Armor: Leather armour    |    14 |       ||    14
       Scale mail        |    12 |    24 ||    36
Dodge: Dodged            |    51 |    20 ||    71
